 Dungeon Crawl Stone Soup version 0.28-a0-883-gc8d7bad45d (webtiles) character file.

Game seed: 2076942243832138345

6499 swappor the Fighter (level 10, -13/145 HPs)
             Began as a Minotaur Berserker on Nov 22, 2021.
             Was a Priest of Trog.
             Mangled by Sonja (15 damage)
             ... on level 10 of the Dungeon.
             The game lasted 00:28:54 (12207 turns).

swappor the Fighter (Minotaur Berserker)           Turns: 12207, Time: 00:28:54

Health: -13/145    AC: 13    Str: 29    XL:     10   Next: 69%
Magic:  9/9        EV:  6    Int:  4    God:    Trog [***...]
Gold:   530        SH:  9    Dex: 10    Spells: 9/9 levels left

rFire   . . .      SeeInvis +   H - +0 war axe
rCold   . . .      Faith    .   r - +0 kite shield
rNeg    + . .      Spirit   .   y - +0 plate armour
rPois   .          Reflect  .   (helmet restricted)
rElec   .          Harm     .   (no cloak)
rCorr   .          Rampage  .   p - +0 pair of gloves of Hopscotch {Fly Str+4}
Will    .....                   j - +0 pair of boots
Stlth   ..........              (no amulet)
HPRegen 0.34/turn               N - ring of positive energy
MPRegen 0.11/turn               v - ring of see invisible

@: berserking, lethally poisoned (-13 -> -16), flying, slowed
A: horns 2, retaliatory headbutt
a: Renounce Religion, Berserk, Trog's Hand


You were on level 10 of the Dungeon.
You worshipped Trog.
Trog was most pleased with you.
You visited 2 branches of the dungeon, and saw 11 of its levels.

You collected 530 gold pieces.


Innate Abilities, Weirdness & Mutations

You have a pair of horns on your head.
You reflexively headbutt those who attack you in melee.


   Skills:
 * Level 12.3 Fighting
 * Level 12.3 Axes
 - Level 2.4 Armour
 - Level 2.1 Dodging
 + Level 6.4 Shields
 + Level 5.7 Evocations


You had 9 spell levels left.
You didn't know any spells.
Your spell library contained the following spells:

 Spells                   Type           Power      Damage    Failure   Level
 Freeze                   Ice            0%         1d3       100%        1
 Slow                     Hex            0%         N/A       100%        1
 Ensorcelled Hibernation  Hex/Ice        0%         N/A       100%        2
 Passwall                 Tmut/Erth      0%         N/A       100%        2
 Confusing Touch          Hex            0%         N/A       100%        3
 Frozen Ramparts          Ice            0%         1d2       100%        3
 Gell's Gravitas          Tloc           0%         N/A       100%        3
 Swiftness                Air            0%         N/A       100%        3
 Teleport Other           Tloc           0%         N/A       100%        3
 Tukima's Dance           Hex            0%         N/A       100%        3
 Vampiric Draining        Necr           0%         2d6       100%        3
 Hailstorm                Conj/Ice       0%         3d3       100%        4
 Ice Form                 Ice/Tmut       0%         N/A       100%        4
 Dispersal                Tloc           0%         N/A       100%        6
 Simulacrum               Ice/Necr       0%         N/A       100%        6

Inventory:

Hand Weapons
 H - a +0 war axe (weapon)
   (You found it on level 8 of the Dungeon)
Missiles
 d - 17 sling bullets
 m - a throwing net (quivered) {=f!f}
Armour
 j - a +0 pair of boots (worn)
   (You found it on level 5 of the Dungeon)
 p - the +0 pair of gloves of Hopscotch (worn) {Fly Str+4}
   (You found it on level 9 of the Dungeon)

   Str:       It affects your strength (+4).
   Fly:       It grants you flight.
 r - a +0 kite shield (worn)
   (You found it on level 6 of the Dungeon)
 y - a +0 plate armour (worn)
   (You found it on level 6 of the Dungeon)
Jewellery
 v - a ring of see invisible (right hand)
   (You found it on level 4 of the Dungeon)
 C - a ring of protection from cold
   (You found it on level 1 of the Dungeon)
 N - a ring of positive energy (left hand)
   (You found it on level 6 of the Dungeon)
 R - a ring of resist corrosion
   (You found it on level 4 of the Dungeon)
Wands
 a - a wand of mindburst (8)
   (You found it on level 9 of the Dungeon)
 q - a wand of flame (37)
   (You found it on level 3 of the Dungeon)
 t - a wand of charming (13)
   (You found it on level 6 of the Dungeon)
 B - a wand of digging (3)
   (You found it on level 8 of the Dungeon)
Scrolls
 b - a scroll of fear
 g - 2 scrolls of enchant armour
 h - a scroll of holy word
 k - 7 scrolls of teleportation {@r4}
 u - 3 scrolls of identify {@r1}
 x - a scroll of magic mapping {!r}
 A - 2 scrolls of blinking {!r}
 E - a scroll of noise {unknown}
Potions
 c - 3 potions of haste {@q3}
 e - a potion of attraction {!q}
 f - 3 potions of lignification {!q}
 n - a potion of ambrosia
 s - 2 potions of curing {@q1}
 w - 2 potions of might
 z - 3 potions of heal wounds {@q2}
Miscellaneous
 D - a phantom mirror (inert)
   (You found it on level 9 of the Dungeon)

Dungeon Overview and Level Annotations

Branches:
Dungeon (10/15)            Temple (1/1) D:6
   Lair: D:8-11         Orc: D:9-12

Altars:
Ashenzari
Cheibriados
Dithmenos
Elyvilon
Fedhas
Gozag
Hepliaklqana
Kikubaaqudgha
Makhleb
Nemelex Xobeh
Okawaru
Qazlal
Ru
Sif Muna
Trog
Uskayaw
Vehumet
Wu Jian
Xom
Yredelemnul
Zin
The Shining One

Shops:
D:1 [   D:5 *

Annotations:
D:6 1 runed translucent door
D:10 Sonja

###.##### #.# #.#...#. #.#
#.# #.#>.... #.# #.#
#....... #+# ##.# ####.###
#..# #.# ####.## ###.#
##.#..# ##.#.# #
.##.....###########....###
...........@K..............'
..........###########....###
..##.....## ##<#.# # .
##...## ###.# ##.## #.# #.
#.# #. #.# #.# #.#


You could see Sonja.


Message History

Your hp is fully restored (97).
o - a staff of poison {forbidden!a} Drop what? 34/52 slots (_ for help) (? for menu, Esc to quit)
You drop 23 stones.
You drop 5 poisoned darts.
You drop the +7 rapier of the Singing Saviour {elec, rF+}.
You drop a staff of poison {forbidden!a}.
d - 17 sling bullets Sonja, the Graceful Assassin comes into view.
She is wielding a +1 dagger of distortion and quivering curare-tipped darts.
Sonja shouts!
Sonja gestures wildly while chanting.
Sonja blinks!
Aiming: Phantom Mirror
Press: ? - help, Dir - move target, f - Sonja
Aim: Sonja, wielding a +1 dagger of distortion and quivering curare-tipped darts You reflect Sonja with the mirror!
The mirror clouds!
Sonja hits Sonja with a +1 dagger of distortion.
Sonja completely misses Sonja.
Sonja closely misses Sonja.
Sonja hits you with a +1 dagger of distortion.
Sonja hits you but does no damage. Space warps horribly around you!!
Sonja hits you with a +1 dagger of distortion.
You blink. 😮 HP[-26]
You take 26 damage, and now have 71/97 hp.
MASSIVE DAMAGE!! (PAUSE) Sonja closely misses Sonja. x2
Sonja hits Sonja with a +1 dagger of distortion!
Sonja blinks!
You block Sonja's attack. x2; Sonja hits you but does no damage.
Space warps around you.
Sonja hits you with a +1 dagger of distortion.
Space warps horribly around you! Sonja hits you but does no damage.
Space warps around you. Sonja barely misses you.
Sonja throws a curare-tipped dart.
The curare-tipped dart misses Sonja. 😮 HP[-22]
You take 22 damage, and now have 49/97 hp.
MASSIVE DAMAGE!! (PAUSE) Sonja barely misses Sonja.
Sonja hits Sonja with a +1 dagger of distortion.
Space warps horribly around Sonja!
Sonja completely misses Sonja.
Sonja gestures wildly while chanting.
Sonja blinks!
Sonja throws a curare-tipped dart.
The curare-tipped dart closely misses Sonja.
Sonja mumbles some strange words.
Sonja blinks! 😮 HP[+1] Unknown command.
You swap places.
You swap places.
Sonja shimmers and vanishes!
Sonja mumbles some strange words.
Sonja blinks! 😮 HP[+1] Sonja gestures wildly while chanting.
Sonja blinks!
Sonja gestures wildly while chanting.
Sonja blinks!
Sonja throws a curare-tipped dart.
The curare-tipped dart hits you.
You are poisoned.
You have difficulty breathing.
* * * LOW HITPOINT WARNING * * *
You feel yourself slow down.
Sonja casts a spell.
Sonja blinks! 😨 HP[-8]
You take 8 damage, and now have 43/97 hp.
You feel very sick.
Sonja gestures wildly while chanting.
Sonja blinks!
Sonja mumbles some strange words.
Sonja blinks! 😨 HP[-3]
You take 3 damage, and now have 40/97 hp.
A red film seems to cover your vision as you go berserk!
You feel yourself moving faster!
You feel mighty!
You feel sick.
Sonja hits you with a +1 dagger of distortion.
* * * LOW HITPOINT WARNING * * *
Space warps around you.
* * * LOW HITPOINT WARNING * * *
You block Sonja's attack. Sonja hits you but does no damage.
Space warps horribly around you!
* * * LOW HITPOINT WARNING * * *
Sonja hits you but does no damage. Space warps horribly around you!!
* * * LOW HITPOINT WARNING * * *
Sonja hits you but does no damage. Space warps horribly around you!
* * * LOW HITPOINT WARNING * * *
Sonja hits you but does no damage. Space warps around you.
* * * LOW HITPOINT WARNING * * *
😱 HP[-38]
You now have 145 max hp (+48).
You miss Sonja. Your headbutt misses Sonja.
* * * LOW HITPOINT WARNING * * *
You feel sick. You block Sonja's attack. Sonja barely misses you.
Sonja hits you but does no damage. Space warps horribly around you!
You die...

Skill      XL: |  1  2  3  4  5  6  7  8  9 10 |
---------------+-------------------------------+-----
Fighting       | 4 5 6 7 8 9 11 12 | 12.3
Axes           | 4 5 6 7 8 9 11 12 | 12.3
Evocations     | 1 2 3 5 |  5.7
Shields        | 3 5 6 |  6.4
Armour         | |  2.4
Dodging        | |  2.1

Action                   |  1- 3 |  4- 6 |  7- 9 | 10-12 || total
-------------------------+-------+-------+-------+-------++-------
Melee: Hand axe          |    74 |   130 |   290 |       ||   494
       Headbutt          |    10 |    20 |    74 |    28 ||   132
       War axe           |       |       |       |   114 ||   114
Invok: Berserk           |     1 |       |     2 |     2 ||     5
       Trog's Hand       |       |       |     2 |       ||     2
Evoke: Phantom mirror    |       |       |       |     1 ||     1
  Use: Scroll            |     4 |     5 |     3 |     5 ||    17
 Stab: Sleeping          |       |       |     1 |       ||     1
Armor: Animal skin       |     7 |    15 |       |       ||    22
       Ring mail         |       |    40 |    16 |       ||    56
       Leather armour    |       |     3 |     3 |       ||     6
       Plate armour      |       |       |   128 |    51 ||   179
Dodge: Dodged            |    46 |    69 |    72 |    31 ||   218
Block: Kite shield       |       |       |    99 |    45 ||   144

Levels and vault maps discovered:
D:1:      saegor_arrival_simple_d, layout_basic, serial_shops, shop
D:2:      layout_rooms
D:3:      layout_rooms, kennysheep_generic_room_10, uniq_natasha
D:4:      layout_basic, minmay_door_square, minmay_crystal_water,
          nrook_loot_triangle
D:5:      layout_loops_ring, serial_shops, nicolae_shop_hallway_plus
D:6:      layout_rooms, minmay_temple_entry_glassed_door, ebering_ghost_sewer_f,
          minmay_misc_feat_hallway
D:7:      layout_loops_ring
D:8:      layout_cave_pools, fiery_altar_vehumet, uniq_prince_ribbit1,
          uniq_psyche
D:9:      layout_loops_corners
D:10:     layout_loops_corners, minmay_guarded_unrand_variability, uniq_sonja
Temple:   mainiacjoe_temple_circle_huts

Notes
Turn   | Place    | Note
-------+----------+-------------------------------------------
     0 | D:1      | swappor the Minotaur Berserker began the quest for the Orb.
     0 | D:1      | Reached XP level 1. HP: 19/19 MP: 0/0
     0 | D:1      | magus.rc [v1.11.2]
   250 | D:1      | Found Wolet's Armour Boutique.
   332 | D:1      | Reached skill level 4 in Fighting
   332 | D:1      | Reached skill level 4 in Axes
   332 | D:1      | Reached XP level 2. HP: 12/27 MP: 1/1
   937 | D:1      | Reached XP level 3. HP: 27/34 MP: 2/2
  1949 | D:3      | Noticed Natasha
  2180 | D:3      | Killed Natasha
  2181 | D:3      | Reached skill level 5 in Fighting
  2181 | D:3      | Reached skill level 5 in Axes
  2181 | D:3      | Reached XP level 4. HP: 42/42 MP: 3/3
  2292 | D:3      | Noticed Natasha
  2336 | D:3      | Killed Natasha
  2426 | D:3      | Noticed Natasha
  2437 | D:3      | Killed Natasha
  2437 | D:3      | Reached ** piety under Trog
  2438 | D:3      | Reached XP level 5. HP: 48/48 MP: 4/4
  2497 | D:3      | You pick up a book of the Tundra {forbidden} and begin
                  | reading...
  2497 | D:3      | You add the spells Hailstorm, Ice Form and Simulacrum to
                  | your library.
  3347 | D:4      | Noticed a necrophage
  3358 | D:4      | Killed a necrophage
  3359 | D:4      | Reached skill level 6 in Fighting
  3359 | D:4      | Reached skill level 6 in Axes
  3359 | D:4      | Reached XP level 6. HP: 52/57 MP: 5/5
  3465 | D:4      | Reached skill level 1 in Evocations
  4199 | D:4      | Identified the +1 leather armour "Naxim" {-Tele Str+4 Int+2
                  | Dex+3}
  4509 | D:5      | Entered Level 5 of the Dungeon
  4557 | D:5      | Reached skill level 7 in Fighting
  4557 | D:5      | Reached skill level 7 in Axes
  4557 | D:5      | Reached XP level 7. HP: 64/66 MP: 6/6
  4677 | D:5      | Found Lalaf's General Store.
  4822 | D:5      | Reached skill level 2 in Evocations
  5255 | D:5      | Reached skill level 8 in Axes
  5272 | D:5      | Reached skill level 8 in Fighting
  5618 | D:5      | Reached XP level 8. HP: 69/74 MP: 7/7
  5741 | D:6      | You pick up a book of Maledictions {forbidden} and begin
                  | reading...
  5741 | D:6      | You add the spells Ensorcelled Hibernation and Tukima's
                  | Dance to your library.
  5780 | D:6      | Reached *** piety under Trog
  5787 | D:6      | Reached skill level 1 in Shields
  5866 | D:6      | Reached skill level 3 in Evocations
  5927 | D:6      | Found a staircase to the Ecumenical Temple.
  6079 | D:6      | Found a runed translucent door.
  6139 | D:6      | Found a runed translucent door.
  6139 | D:6      | Noticed ytrimaz's ghost (amateur DsFi)
  6243 | D:6      | You pick up a book of Burglary {forbidden} and begin
                  | reading...
  6243 | D:6      | You add the spells Passwall and Swiftness to your library.
  6248 | D:6      | You pick up a book of Frost {forbidden} and begin
                  | reading...
  6248 | D:6      | You add the spells Freeze and Frozen Ramparts to your
                  | library.
  6284 | D:5      | Reached skill level 2 in Shields
  6484 | D:6      | Killed ytrimaz's ghost
  6485 | D:6      | Reached skill level 9 in Fighting
  6485 | D:6      | Reached skill level 9 in Axes
  6779 | Temple   | Entered the Ecumenical Temple
  7537 | D:7      | Reached skill level 3 in Shields
  7554 | D:7      | Reached XP level 9. HP: 50/82 MP: 8/8
  7761 | D:7      | Reached skill level 4 in Evocations
  8043 | D:7      | You pick up a book of the Tundra {forbidden} and begin
                  | reading...
  8093 | D:7      | Reached skill level 10 in Fighting
  8093 | D:7      | Reached skill level 10 in Axes
  8217 | D:7      | Reached skill level 4 in Shields
  8629 | D:8      | You add the spells Gell's Gravitas, Teleport Other and
                  | Dispersal to your library.
  8940 | D:8      | Noticed Prince Ribbit
  8959 | D:8      | Killed Prince Ribbit
  8970 | D:8      | Noticed Psyche
  8989 | D:8      | Killed Psyche
  9077 | D:8      | Noticed a two-headed ogre
  9087 | D:8      | Killed a two-headed ogre
  9088 | D:8      | Reached skill level 11 in Fighting
  9088 | D:8      | Reached skill level 11 in Axes
  9088 | D:8      | Reached skill level 5 in Shields
  9247 | D:8      | Found a radiant altar of Vehumet.
  9367 | D:8      | Reached skill level 5 in Evocations
  9367 | D:8      | Reached XP level 10. HP: 79/95 MP: 9/9
 10043 | D:9      | Identified the +7 falchion "Guxt" {vorpal, rElec Will+++}
 10043 | D:9      | Noticed a centaur warrior
 10048 | D:9      | Killed a centaur warrior
 10206 | D:9      | Paralysed by a hornet for 2 turns
 10801 | D:9      | Reached skill level 6 in Shields
 10813 | D:9      | Reached skill level 12 in Fighting
 10813 | D:9      | Reached skill level 12 in Axes
 11171 | D:9      | Identified the +0 pair of gloves of Hopscotch {Fly Str+4}
 11481 | D:10     | Entered Level 10 of the Dungeon
 11529 | D:10     | You pick up a book of Frost {forbidden} and begin
                  | reading...
 11645 | D:10     | Found a shimmering altar of Xom.
 11645 | D:10     | Found the +7 mace of Variability {chain chaos}
 11965 | D:10     | You pick up a book of Debilitation {forbidden} and begin
                  | reading...
 11965 | D:10     | You add the spells Slow, Vampiric Draining and Confusing
                  | Touch to your library.
 12130 | D:10     | Identified the +7 rapier of the Singing Saviour {elec, rF+}
 12190 | D:10     | Noticed Sonja
 12206 | D:10     | HP: 16/145 [Sonja (26)]
 12206 | D:10     | HP: 5/145 [Sonja (11)]
 12206 | D:10     | HP: 2/145 [Sonja (3)]
 12207 | D:10     | Mangled by Sonja

Vanquished Creatures
  A centaur warrior (D:9)
  A two-headed ogre (D:8)
  A hornet (D:9)
  The ghost of ytrimaz the Covered, an amateur DsFi (D:6)
  Prince Ribbit (D:8)
  2 wraiths
  A wyvern (D:9)
  4 yaks (D:9)
  A steam dragon (D:9)
  2 chaos spawn (D:10)
  An acid dragon (D:8)
  2 water moccasins
  A black bear (D:5)
  An ice beast (D:6)
  2 orc warriors
  3 necrophages
  4 ogres
  3 centaurs
  A phantom (D:7)
  A kobold brigand (D:9)
  A gnoll sergeant (D:7)
  2 bullfrogs (D:5)
  3 scorpions
  A water moccasin skeleton (D:7)
  4 wights (D:7)
  3 killer bees (D:10)
  A howler monkey (D:8)
  A bullfrog zombie (D:7)
  2 centaur zombies
  2 hounds
  A gnoll shaman (D:7)
  2 orc priests
  5 iguanas
  Natasha (thrice) (D:3)
  A scorpion zombie (D:5)
  4 orc wizards
  A howler monkey zombie (D:9)
  12 gnolls
  9 adders
  An adder skeleton (D:4)
  4 worms
  3 dart slugs (D:1)
  20 orcs
  2 bats
  5 endoplasms
  4 giant cockroaches
  6 goblins
  5 hobgoblins
  6 quokkas
  7 ball pythons
  2 frilled lizards
  12 kobolds
  8 rats
177 creatures vanquished.

Vanquished Creatures (others)
  Psyche (D:8)
1 creature vanquished.

Grand Total: 178 creatures vanquished

Table legend:
 A = Non-vault XP
 B = Vault XP
 C = Vault XP percentage of total XP
 D = Non-vault monster count
 E = Vault monster count
 F = Vault count percentage of total count
                 A         B        C        D         E       F
            +---------+---------+-------+---------+---------+-------
      Total |    8017 |    1268 |  13.7 |     165 |      13 |   7.3
            +---------+---------+-------+---------+---------+-------
        D:1 |      48 |       0 |   0.0 |      18 |       0 |   0.0
        D:2 |      32 |       0 |   0.0 |      12 |       0 |   0.0
        D:3 |     132 |      36 |  21.4 |      22 |       2 |   8.3
        D:4 |     397 |       0 |   0.0 |      19 |       0 |   0.0
        D:5 |     824 |     180 |  17.9 |      16 |       3 |  15.8
        D:6 |     306 |     303 |  49.8 |       7 |       4 |  36.4
        D:7 |    1575 |       0 |   0.0 |      32 |       0 |   0.0
        D:8 |    1402 |     387 |  21.6 |       6 |       2 |  25.0
        D:9 |    2905 |       0 |   0.0 |      25 |       0 |   0.0
       D:10 |     396 |     362 |  47.8 |       8 |       2 |  20.0
            +---------+---------+-------+---------+---------+-------

Illustrated notes

Table legend:
 A = Kills in this place as a percentage of kills in entire the game.
 B = Kills by you in this place as a percentage of kills by you in the entire game.
 C = Kills by friends in this place as a percentage of kills by friends in the entire game.
 D = Other kills in this place as a percentage of other kills in the entire game.
 E = Experience gained in this place as a percentage of experience gained in the entire game.
 F = Experience gained in this place divided by the number of levels of this place that you have seen.
                   A       B       C       D       E      F
               +-------+-------+-------+-------+-------+----------------------
         Total | 100.0 | 100.0 |   N/A | 100.0 | 100.0 | 844.1
       Dungeon | 100.0 | 100.0 |   N/A | 100.0 | 100.0 | 928.5
               +-------+-------+-------+-------+-------+----------------------

Table legend: (Time is in decaauts)
 A = Elapsed time spent in this place.
 B = Non-inter-level travel time spent in this place.
 C = Inter-level travel time spent in this place.
 D = Time resting spent in this place.
 E = Time spent auto-exploring this place.
 F = Levels seen in this place.
 G = Mean time per level.
                   A        B        C        D        E       F      G
               +--------+--------+--------+--------+--------+-----+--------+
         Total |  12330 |  11854 |    476 |   1639 |   8440 |  11 | 1120.9 |
       Dungeon |  12008 |  11550 |    458 |   1639 |   8159 |  10 | 1200.8 |
        Temple |    321 |    303 |     18 |      0 |    281 |   1 |  321.0 |
               +--------+--------+--------+--------+--------+-----+--------+

Top non-repeatable levels by time:
     D:9: 1707 daAuts
     D:4: 1601 daAuts
     D:7: 1431 daAuts
     D:6: 1339 daAuts
     D:1: 1332 daAuts
     D:5: 1287 daAuts
     D:8: 950 daAuts
     D:3: 843 daAuts
     D:2: 786 daAuts
    D:10: 728 daAuts
  Temple: 321 daAuts
